Map: Dolina kaktusów ER (Void)

Players

OuO - Winner!

  • Race: Protoss Protoss
  • League: Master
  • Spawn Location: 5:00

Lolicon

  • Race: Terran Terran
  • League: Master
  • Spawn Location: 11:00

VOD

Have the link to the VOD?

Description

Time

  • Played on: Jan. 27, 2017, 6:16 p.m.
  • Length: 9:52
Show
View Real Time Build Order
Export as new Build Order

OuO Protoss - Winner!

Build Orders: 1 Gate Expand, Oracle Opening, Carrier Rush 

Get SALT Encoding   

  12  0:02  Probe (Chrono Boost)  
  13  0:13  Probe (Chrono Boost)  
  14  0:19  Pylon  
  14  0:23  Probe (Chrono Boost)  
  15  0:37  Probe (Chrono Boost)  
  15  0:39  Gateway  
  16  0:47  Probe (Chrono Boost)  
  16  0:48  Assimilator  
  18  1:04  Probe (Chrono Boost)  
  18  1:14  Probe (Chrono Boost)  
  19  1:25  Nexus  
  19  1:37  Cybernetics Core  
  19  1:41  Probe (Chrono Boost)  
  20  1:47  Assimilator  
  20  1:51  Probe (Chrono Boost)  
  21  1:57  Pylon  
  21  2:02  Probe (Chrono Boost)  
  22  2:17  Stargate  
  22  2:21  Probe (Chrono Boost)  
  23  2:28  Warp Gate  
  23  2:32  Probe (Chrono Boost)  
  23  2:33  Adept  
  26  2:38  Probe (Chrono Boost)  
  26  2:42  Probe (Chrono Boost)  
  28  2:48  Probe (Chrono Boost)  
  29  2:53  Probe (Chrono Boost)  
  29  2:56  Oracle  
  30  2:59  Probe (Chrono Boost)  
  30  3:04  Adept  
  37  3:05  Probe (Chrono Boost)  
  37  3:08  Assimilator  
  37  3:10  Probe (Chrono Boost)  
  38  3:13  Assimilator  
  38  3:17  Probe (Chrono Boost)  
  39  3:21  Probe (Chrono Boost)  
  40  3:29  Probe (Chrono Boost)  
  40  3:31  Adept, Probe (Chrono Boost)  
  44  3:40  Probe (Chrono Boost)  
  45  3:42  Probe (Chrono Boost)  
  46  3:53  Pylon  
  46  3:56  Pylon  
  46  3:58  Pylon  
  46  4:11  Probe (Chrono Boost)  
  46  4:12  Mothership Core (Chrono Boost)  
  49  4:22  Probe (Chrono Boost)  
  49  4:23  Fleet Beacon  
  50  4:24  Stargate  
  50  4:26  Protoss Air Weapons Level 1  
  50  4:30  Probe (Chrono Boost)  
  51  4:33  Probe (Chrono Boost), Twilight Council  
  52  4:41  Probe (Chrono Boost)  
  52  4:43  Probe (Chrono Boost)  
  54  4:51  Probe (Chrono Boost)  
  54  4:52  Pylon  
  55  4:54  Probe (Chrono Boost), Pylon  
  55  4:58  Carrier  
  56  5:02  Carrier  
  56  5:03  Probe (Chrono Boost)  
  69  5:20  Resonating Glaives  
  69  5:31  Probe (Chrono Boost)  
  69  5:32  Probe (Chrono Boost)  
  72  5:43  Probe (Chrono Boost), Graviton Catapult  
  72  5:49  Nexus  
  72  5:51  Pylon  
  72  5:53  Probe (Chrono Boost), Pylon  
  72  5:56  Adept  
  75  6:01  Gateway  
  75  6:02  Gateway  
  75  6:12  Carrier  
  75  6:17  Carrier  
  81  6:57  Adept  
  81  7:01  Gateway  
  83  7:02  Gateway  
  83  7:04  Adept  
  83  7:08  Pylon  
  85  7:09  Pylon  
  85  7:15  Templar Archives  
  85  7:20  Nexus  
  85  7:22  Pylon  
  85  7:24  Pylon  
  85  7:26  Pylon  
  85  7:27  Carrier  
  85  7:32  Carrier  
  85  7:41  Adept x3  
  103  7:52  Assimilator  
  103  7:55  Assimilator  
  103  8:10  Pylon  
  103  8:14  Pylon  
  103  8:17  Psionic Storm  
  103  8:24  Pylon  
  103  8:26  Probe x2 (Chrono Boost), Pylon  
  105  8:37  High Templar x2  
  105  8:38  Probe x2 (Chrono Boost)  
  111  8:46  Gateway  
  111  8:47  Gateway  
  112  8:50  Probe x3 (Chrono Boost)  
  114  8:58  High Templar x2  
  114  9:02  Probe (Chrono Boost)  
  119  9:13  Pylon  
  119  9:17  Adept x3  
  125  9:32  Gateway  
  125  9:34  Gateway  
  125  9:36  Gateway  
  125  9:45  Archon  
  125  9:47  Nexus  
Show
View Real Time Build Order
Export as new Build Order

Lolicon Terran 

Build Orders: Command Center First (CC), MMM Bio 

Get SALT Encoding   

  12  0:02  SCV  
  13  0:14  SCV  
  13  0:18  Supply Depot  
  14  0:26  SCV  
  15  0:40  SCV  
  16  0:53  SCV  
  17  1:04  Command Center  
  17  1:08  SCV  
  18  1:20  SCV  
  18  1:21  Barracks  
  19  1:32  SCV  
  20  1:33  Barracks  
  20  1:44  SCV  
  21  1:48  Barracks  
  21  1:56  SCV  
  21  2:00  Refinery  
  22  2:02  Refinery  
  22  2:10  Marine  
  23  2:17  Orbital Command  
  23  2:27  Orbital Command  
  23  2:33  Marine  
  23  2:35  Marine  
  26  2:48  SCV  
  26  2:49  Barracks Tech Lab  
  26  2:51  Marine  
  26  2:55  SCV  
  26  2:57  Marine  
  29  3:00  SCV  
  30  3:08  Stimpack, Marine  
  30  3:10  Supply Depot, SCV  
  30  3:12  Marine  
  33  3:14  SCV  
  34  3:23  SCV  
  36  3:28  Marine  
  36  3:30  Barracks Reactor, Factory  
  36  3:32  SCV  
  37  3:36  Marine  
  37  3:37  SCV  
  39  3:44  SCV  
  39  3:48  Supply Depot  
  40  3:49  SCV  
  40  3:51  Marine  
  42  3:56  SCV  
  42  3:58  Marine  
  42  4:01  SCV  
  38  4:15  Engineering Bay  
  34  4:19  Engineering Bay  
  34  4:20  Marine x3  
  38  4:26  SCV x2  
  39  4:34  Barracks Tech Lab  
  39  4:38  Factory Reactor, SCV x2  
  41  4:40  Starport  
  41  4:46  Marine x2, Terran Infantry Weapons Level 1  
  41  4:47  Marine  
  41  4:48  Missile Turret  
  41  4:50  SCV x2, Missile Turret  
  46  4:54  Marine  
  46  4:59  Combat Shields  
  47  5:02  SCV  
  47  5:04  Marine, SCV  
  47  5:05  Marine  
  47  5:06  Marine  
  52  5:10  Supply Depot  
  52  5:13  Marine  
  53  5:14  SCV  
  54  5:31  Medivac x2, Marine x3, SCV  
  62  5:35  Supply Depot  
  62  5:45  Supply Depot  
  62  5:57  Marine x2, SCV x2  
  62  5:59  Supply Depot x2  
  66  6:07  Marine  
  66  6:08  Marauder  
  66  6:09  SCV x2  
  66  6:10  Supply Depot  
  71  6:15  Marine  
  72  6:20  Marine  
  72  6:21  SCV x2  
  74  6:33  SCV x2  
  70  6:47  Marine x2  
  70  6:48  Marine x2  
  73  6:54  SCV x2  
  74  7:01  Command Center, Barracks  
  74  7:02  Barracks  
  74  7:05  Marine x2  
  74  7:06  SCV  
  74  7:07  Refinery, SCV  
  78  7:09  Terran Infantry Armor Level 1  
  78  7:13  Marine, Marauder  
  81  7:19  SCV  
  81  7:21  Refinery  
  82  7:23  Marine x2, Armory  
  75  7:41  Marine x2  
  75  7:42  SCV x2  
  77  7:47  Marine x2  
  77  7:50  Barracks Reactor  
  79  7:51  Barracks Reactor  
  79  7:54  SCV  
  79  7:56  Engineering Bay  
  80  8:01  Marine x2  
  80  8:02  Factory Reactor, SCV  
  80  8:03  Medivac x2  
  80  8:05  Marine  
  88  8:07  SCV  
  88  8:11  Marine  
  90  8:16  Orbital Command  
  90  8:18  Marine, Barracks  
  90  8:19  Marine  
  92  8:21  Barracks  
  92  8:23  Marine  
  92  8:26  SCV x2  
  95  8:28  Marine x4  
  95  8:33  Medivac x2  
  103  8:36  Supply Depot  
  103  8:38  Supply Depot, SCV x2  
  103  8:39  Marine  
  103  8:40  Marine  
  107  8:41  SCV  
  107  8:44  Marine x2  
  107  8:47  Marine x3  
  113  8:49  Marine  
  113  8:52  SCV x2  
  116  8:57  Widow Mine x2  
  116  8:59  Marine x2  
  116  9:00  SCV  
  123  9:05  Marine x3, Supply Depot  
  123  9:06  Supply Depot  
  123  9:07  Barracks Tech Lab x2  
  126  9:12  Marine x2  
  126  9:13  SCV  
  126  9:14  SCV  
  126  9:16  Missile Turret  
  129  9:19  Supply Depot  
  129  9:21  Supply Depot  
  129  9:22  Supply Depot, SCV  
  130  9:26  Marine x4  
  130  9:28  Marine x2  
  130  9:29  Marine  
  130  9:30  SCV  
Tags
 
Add a new tag
Caveats
  • Supply blocks, unpowered buildings, or Contaminate may cause inaccurate times.
  • Supply counts are checked every 10 seconds.